 Dungeon Crawl Stone Soup version 0.31.0-2-g5a2aebc5c2 (webtiles) character file.

Game seed: 17907935326961457297

305 Arctor the Shooter (level 6, -1/37 HPs)
             Began as a Kobold Hexslinger on Jan 21, 2024.
             Slain by a bullfrog (6 damage)
             ... in a sewer.
             The game lasted 00:01:54 (2600 turns).

Arctor the Shooter (Kobold Hexslinger)              Turns: 2600, Time: 00:01:55

Health: -1/37      AC:  3    Str:  4 (6)  XL:     6   Next: 67%
Magic:  10/10      EV: 13    Int: 11 (14) God:
Gold:   112        SH:  0    Dex: 16 (19) Spells: 10/10 levels left

rFire   . . .        j - +2 spear (distort)
rCold   . . .        (no shield)
rNeg    . . .        c - +0 robe
rPois   .            (no helmet)
rElec   .            (no cloak)
rCorr   .            n - +0 pair of gloves
SInv    .            (no boots)
Will    +....        k - amulet of the acrobat
Stlth   ++           (no ring)
HPRegen 0.26/turn    (no ring)
MPRegen 0.12/turn

%: acrobat
@: enlightened, flying, constricted
A: small, no large weapons, nightstalker 3
a: no special abilities


You were in a sewer.
You visited 1 branch of the dungeon, and saw 3 of its levels.
You also visited: Sewer.

You collected 112 gold pieces.

Inventory:

Hand Weapons
 a - a +1 sling
 j - a +2 spear of distortion (weapon)
 s - a +4 rapier
Armour
 c - a +0 robe (worn)
 n - a +0 pair of gloves (worn)
Jewellery
 k - an amulet of the acrobat (around neck)
Scrolls
 b - a scroll of poison
 f - a scroll of enchant weapon {unknown}
 g - 2 scrolls of revelation {unknown}
 l - a scroll of immolation {unknown}
 m - 2 scrolls of teleportation {unknown}
 p - a scroll of amnesia {unknown}
 q - a scroll of enchant armour {unknown}
 t - a scroll of identify {unknown}
Potions
 d - a potion of degeneration
 i - a potion of lignification {unknown}
 o - a potion of haste {unknown}
 r - a potion of might {unknown}


   Skills:
 + Level 3.1 Fighting
 + Level 4.4 Ranged Weapons
 + Level 4.1 Dodging
 + Level 2.8 Spellcasting
 + Level 4.0 Hexes
 - Level 1.1 Fire Magic


You had 10 spell levels left.
You didn't know any spells.
Your spell library contained the following spells:

 Spells                   Type           Power      Damage    Failure   Level
 Jinxbite                 Hex            20%        N/A       8%          2
 Sigil of Binding         Hex            10%        N/A       16%         3
 Inner Flame              Hex/Fire       7%         N/A       28%         3
 Cause Fear               Hex            5%         N/A       45%         4
 Dimensional Bullseye     Hex/Tloc       3%         N/A       75%         4
 Manifold Assault         Tloc           1%         N/A       95%         4
 Dispersal                Tloc           0%         N/A       100%        6
 Disjunction              Tloc           0%         N/A       100%        8


Dungeon Overview and Level Annotations

Branches:
Dungeon (3/15)              Sewer (1/1)

Altars:
Yredelemnul


Innate Abilities, Weirdness & Mutations

You are small and have problems with some larger weapons.
You are completely attuned to the shadows.


Message History

The bullfrog misses you. The ball python closely misses you.
The ball python constricts you. The bullfrog barely misses you.
The adder closely misses you. The adder bites you.
You are poisoned.
The adder poisons you! The bullfrog closely misses you.
The ball python barely misses you. The ball python constricts you.
It was a potion of degeneration.
There was something very wrong with that liquid.
You feel weakened.
You feel dopey.
You feel clumsy.
You feel sick. The bullfrog closely misses you. The adder bites you.
The bullfrog hits you. The adder misses you. The bullfrog barely misses you.
The ball python bites you but does no damage.
The ball python constricts you. The adder barely misses you.
The bullfrog hits you.
It was a potion of curing.
You feel better. The adder bites you but does no damage. The bullfrog hits you.
The bullfrog closely misses you.
The ball python bites you but does no damage.
The ball python constricts you. The adder bites you.
The adder barely misses you.
It was a potion of enlightenment.
You feel very buoyant.
You fly up into the air.
The bullfrog closely misses you. The bullfrog hits you. The adder bites you.
* * * LOW HITPOINT WARNING * * *
The ball python misses you. The ball python constricts you.
* * * LOW HITPOINT WARNING * * *
The adder bites you.
* * * LOW HITPOINT WARNING * * *
You are poisoned.
The adder poisons you! The bullfrog completely misses you.
The bullfrog hits you.
* * * LOW HITPOINT WARNING * * *
You feel better. The adder misses you. The ball python misses you.
The ball python constricts you. The adder bites you.
* * * LOW HITPOINT WARNING * * *
The bullfrog hits you.
* * * LOW HITPOINT WARNING * * *
The bullfrog hits you.
You die...

####
...##
....##
.†...#
.....##
......#
......#
#......
#.~.~##
#.~SS.##
~~≈~~~#
#~≈#SS≈#
≈≈≈~~~#
#~SF@S≈#
≈≈~≈~≈#
#≈≈F≈≈≈#
≈≈≈~~~#
#≈~~~~≈#
~~~≈≈≈#
#≈≈~~#≈#
~≈~~≈≈#
#≈≈~#~~#
~~≈~≈≈#
#≈≈≈≈.~#
≈.~..≈#
#≈≈≈≈.~#
~....≈#
#≈≈~≈~≈#
#~...≈#
#≈≈~~≈≈#


You could see 2 bullfrogs, 2 adders and 4 ball pythons.

Vanquished Creatures
  Sigmund (D:3)
  4 adders
  2 river rats (Sewer)
  2 dart slugs
  4 endoplasms
  5 goblins
  A hobgoblin (D:1)
  4 jackals (D:3)
  4 quokkas
  12 ball pythons
  7 bats
  2 frilled lizards
  2 kobolds
  21 rats
71 creatures vanquished.

Notes
Turn   | Place    | Note
-------+----------+-------------------------------------------
     0 | D:1      | Arctor the Kobold Hexslinger began the quest for the Orb.
     0 | D:1      | Reached XP level 1. HP: 12/12 MP: 2/2
   208 | D:1      | Noticed a shining eye
   210 | D:1      | Noticed a shining eye
   272 | D:1      | Noticed a glass eye
   275 | D:1      | Found a faded altar of an unknown god.
   278 | D:1      | Noticed a golden eye
   364 | D:1      | Reached XP level 2. HP: 12/16 MP: 3/3
   893 | D:2      | Reached XP level 3. HP: 20/20 MP: 5/5
  1969 | D:3      | Found a basalt altar of Yredelemnul.
  2057 | D:3      | Reached XP level 4. HP: 26/26 MP: 6/6
  2167 | D:3      | Noticed Sigmund
  2174 | D:3      | Killed Sigmund
  2175 | D:3      | Reached XP level 5. HP: 30/32 MP: 6/8
  2175 | D:3      | Reached XP level 6. HP: 34/36 MP: 6/9
  2182 | D:3      | Found a glowing drain.
  2186 | Sewer    | Entered a sewer
  2600 | Sewer    | Slain by a bullfrog

Illustrated notes

Levels and vault maps discovered:
D:1:      sevenhm_arrival_forest_fort_small_4, layout_basic,
          hellmonk_ecumenical_altar_watching_god, serial_bayou_lagoon_a
D:2:      layout_loops_corners
D:3:      layout_basic, yredelemnul_altar_generic, gup_sewer_entry_bowl,
          uniq_sigmund
Sewer:    sewer_minmay_w

Skill      XL: |  1  2  3  4  5  6 |
---------------+-------------------+-----
Ranged Weapons | 3 4 |  4.4
Dodging        | 3 4 |  4.1
Fighting       | 2 3 |  3.1
Spellcasting   | 2 |  2.8
Hexes          | 4 |  4.0
Fire Magic     | |  1.1

Action                     |  1- 3 |  4- 6 || total
---------------------------+-------+-------++-------
  Melee: Spear             |    38 |   109 ||   147
   Fire: Sling             |    29 |       ||    29
    Use: Potion            |       |     4 ||     4
   Stab: Sleeping          |     8 |    15 ||    23
         Distracted        |     1 |       ||     1
 Armour: Robe              |    10 |    67 ||    77
  Dodge: Dodged            |    32 |   161 ||   193
